[Event "Titled Tuesday Blitz October 11 Early 2022"]
[White "Carlsen, Magnus"]
[Black "Yeletsky, Ivan"]
[WhiteFideId "1503014"]
[BlackFideId "24180327"]
[WhiteElo "2830"]
[BlackElo "2391"]
[Result "1-0"]
[Round "06"]
[TimeControl "180+1"]
[Date "2022.10.11"]
[WhiteClock "0:01:14"]
[BlackClock "0:00:06"]

1. a4 h5 2. e4 e6 3. d4 d5 4. Bd3 dxe4 5. Bxe4 Nf6 6. Bd3 Nc6 7. Nf3 Nb4 8. Bb5+ c6 9. Be2 Be7 10. c3 Nbd5 11. O-O b6 12. Ne5 Bb7 13. Bf3 Qc7 14. a5 bxa5 15. Nd2 c5 16. Qa4+ Kf8 17. c4 Nb6 18. Qxa5 cxd4 19. b3 Bd6 20. Ba3 Bxa3 21. Rxa3 Kg8 22. Rfa1 Ng4 23. Bxb7 Qxb7 24. Nef3 d3 25. h3 Nf6 26. Ne5 Rh6 27. Ndf3 Nbd7 28. Nxd3 Ne4 29. Qe1 Rf6 30. Qe3 a6 31. b4 Nd6 32. Nd2 Rg6 33. Nf4 Rh6 34. b5 Nf5 35. Qe4 Qb8 36. Rxa6 Rxa6 37. Rxa6 Kh7 38. Nf3 Nc5 39. Ng5+ Kg8 40. Ra8 1-0


[Site "https://www.chess.com"]

[Event "Titled Tuesday Blitz October 11 Early 2022"]
[White "Carrasco Miranda, Andres"]
[Black "Yurovskykh, Oleksandr"]
[WhiteFideId "3405990"]
[BlackFideId "14134020"]
[WhiteElo "2183"]
[BlackElo "2303"]
[Result "0-1"]
[Round "06"]
[TimeControl "180+1"]
[Date "2022.10.12"]
[WhiteClock "0:00:19"]
[BlackClock "0:00:12"]

1. d4 d5 2. c4 e6 3. Nf3 Nf6 4. g3 Bb4+ 5. Nbd2 O-O 6. Bg2 dxc4 7. O-O b5 8. Ne1 c6 9. a4 Nd5 10. Nc2 Be7 11. e4 Nb4 12. Nxb4 Bxb4 13. axb5 Bb7 14. b6 axb6 15. Rxa8 Bxa8 16. Nxc4 c5 17. d5 exd5 18. exd5 b5 19. Ne5 Nd7 20. Nc6 Qf6 21. Nxb4 cxb4 22. Qb3 Qd4 23. Rd1 Qc4 24. Qe3 Nc5 25. d6 Bxg2 26. Kxg2 Qc2 27. Rd5 Nd7 28. b3 Qc6 29. Qf3 Nf6 30. Rd1 Qxf3+ 31. Kxf3 Rc8 32. Bd2 Nd5 33. d7 Rd8 34. Rc1 Kf8 35. Rc5 Rxd7 36. Rxb5 Nc3 37. Bxc3 bxc3 38. Rc5 c2 39. Rxc2 Rd3+ 40. Kf4 Rxb3 41. Rc7 g6 42. h4 h6 43. Ra7 Kg7 44. Rc7 Rb2 45. Kf3 Rb4 46. Ra7 Rb6 47. Rc7 Ra6 48. Rb7 Kf6 49. Rc7 g5 50. hxg5+ hxg5 51. Rb7 Kg6 52. Rb6+ Rxb6 0-1


[Site "https://www.chess.com"]

[Event "Titled Tuesday Blitz October 11 Early 2022"]
[White "Chigaev, Maksim"]
[Black "Dardha, Daniel"]
[WhiteFideId "4108116"]
[BlackFideId "240990"]
[WhiteElo "2537"]
[BlackElo "2528"]
[Result "1/2-1/2"]
[Round "06"]
[TimeControl "180+1"]
[Date "2022.10.11"]
[WhiteClock "0:00:07"]
[BlackClock "0:00:06"]

1. e4 e5 2. Nf3 Nc6 3. d4 exd4 4. Nxd4 Nf6 5. Nxc6 bxc6 6. Nd2 d5 7. exd5 cxd5 8. Bb5+ Bd7 9. Bxd7+ Qxd7 10. O-O Be7 11. b3 O-O 12. Bb2 Qf5 13. Re1 Bb4 14. Re2 Rfe8 15. Nf3 Bd6 16. h3 Ne4 17. Qd4 f6 18. Rd1 c6 19. Qa4 Ng5 20. Rxe8+ Rxe8 21. Qxc6 Nxf3+ 22. gxf3 Rd8 23. Kg2 Bf8 24. Rd3 Rc8 25. Qxd5+ Qxd5 26. Rxd5 Rxc2 27. Bd4 Rd2 28. Rd8 Kf7 29. Bxf6 Rxa2 30. Bh4 a5 31. Rd5 Bb4 32. Bg3 Rb2 33. Rd3 Ke6 34. f4 g6 35. Kf3 Rb1 36. Kg4 Be7 37. Re3+ Kf7 38. Rd3 Rh1 39. Kf3 Rxh3 40. Kg2 Rh5 41. Kf3 Rb5 42. Kg2 h5 43. Bh2 Rb4 44. Kf3 Rb5 45. Bg3 Rc5 46. Bh2 Rc2 47. Bg3 Bc5 48. Bh4 Ke6 49. Bg3 Bb4 50. Rd8 Rc3+ 51. Ke4 Rxb3 52. Ra8 Rc3 53. Ra6+ Kf7 54. f5 gxf5+ 55. Kxf5 Rc5+ 56. Be5 Bc3 57. f4 Bxe5 58. fxe5 Rc1 59. Ra7+ Ke8 60. Rxa5 Rc6 61. Ra8+ Ke7 62. Rh8 Rb6 63. Rh7+ Ke8 64. e6 Rb1 65. Rh8+ Ke7 66. Rh7+ Ke8 67. Rh8+ Ke7 68. Rh7+ Ke8 1/2-1/2


[Site "https://www.chess.com"]

[Event "Titled Tuesday Blitz October 11 Early 2022"]
[White "Ciuffoletti, Paolo"]
[Black "Chernomordik, Pavel"]
[WhiteFideId "807630"]
[BlackFideId "2804530"]
[WhiteElo "2143"]
[BlackElo "2217"]
[Result "1-0"]
[Round "06"]
[TimeControl "180+1"]
[Date "2022.10.12"]
[WhiteClock "0:00:04"]
[BlackClock "0:00:30"]

1. e4 g6 2. d4 Bg7 3. Nc3 d6 4. f4 a6 5. Nf3 b5 6. Bd3 Nd7 7. a3 c5 8. Be3 Ngf6 9. h3 Bb7 10. e5 Nh5 11. g4 cxd4 12. Bxd4 Nxf4 13. exd6 Bxd4 14. Nxd4 Bxh1 15. Qd2 Ng2+ 16. Kf2 e5 17. Nf3 Qb6+ 18. Kg3 Qxd6 19. Ne4 Qb6 20. Rxh1 Nf4 21. Nxe5 Nxd3 22. Nxd3 O-O-O 23. Qf4 Qc7 24. Nd6+ Kb8 25. Nb4 Nc5 26. Rd1 Ka7 27. Nxb5+ axb5 28. Qxc7+ Nb7 29. Nc6+ Ka6 30. Rxd8 1-0


[Site "https://www.chess.com"]

[Event "Titled Tuesday Blitz October 11 Early 2022"]
[White "Clawitter, Craig"]
[Black "Flis, Pawel"]
[WhiteFideId "2023105"]
[BlackFideId "1112864"]
[WhiteElo "2286"]
[BlackElo "1836"]
[Result "1-0"]
[Round "06"]
[TimeControl "180+1"]
[Date "2022.10.12"]
[WhiteClock "0:00:02"]
[BlackClock "0:00:01"]

1. e4 c5 2. Nf3 d6 3. d4 Nf6 4. Nc3 cxd4 5. Nxd4 a6 6. Be3 e5 7. Nb3 Be6 8. f3 Be7 9. Qd2 Nbd7 10. O-O-O b5 11. g4 O-O 12. Rg1 Nb6 13. Na5 Qc7 14. g5 Nfd7 15. Nd5 Nxd5 16. exd5 Bxd5 17. Qxd5 Qxa5 18. Bd3 g6 19. Rg4 Nb6 20. Qb7 Nc4 21. Bxc4 bxc4 22. Qxe7 Qxa2 23. Rxd6 Rab8 24. Qxe5 Rfe8 25. Qd4 Qa1+ 26. Kd2 Qf1 27. Re4 c3+ 28. Qxc3 Rec8 29. Rc6 Rd8+ 30. Rd4 Re8 31. Re4 Red8+ 32. Rd4 Re8 33. Qd3 Qxf3 34. Rc7 Qg2+ 35. Kc1 Qxh2 36. Rdd7 Rf8 37. Bc5 Qh1+ 38. Qd1 1-0


[Site "https://www.chess.com"]

[Event "Titled Tuesday Blitz October 11 Early 2022"]
[White "Cnejev, Vladimir-Alexandru"]
[Black "Tarasova, Viktoriya"]
[WhiteFideId "1260898"]
[BlackFideId "4175840"]
[WhiteElo "2193"]
[BlackElo "2182"]
[Result "1-0"]
[Round "06"]
[TimeControl "180+1"]
[Date "2022.10.12"]
[WhiteClock "0:00:33"]
[BlackClock "0:00:10"]

1. e4 e5 2. Nf3 Nc6 3. Bb5 Nf6 4. O-O Nxe4 5. d4 Nd6 6. Bxc6 dxc6 7. dxe5 Nf5 8. Qxd8+ Kxd8 9. Rd1+ Ke8 10. Nc3 h6 11. Ne4 Be6 12. g4 Ne7 13. h3 Ng6 14. b3 Be7 15. Bb2 Rd8 16. c4 Nh4 17. Nxh4 Bxh4 18. f4 g6 19. Nc5 Rxd1+ 20. Rxd1 b6 21. Na6 Bd8 22. Nb4 Be7 23. Nxc6 h5 24. Ba3 Bh4 25. g5 Bd7 26. Nb8 Bxh3 27. Bb2 Be6 28. Nc6 Kf8 29. Kg2 Kg7 30. Rh1 Bc8 31. e6+ f6 32. Bxf6+ Kh7 33. Bxh8 1-0


[Site "https://www.chess.com"]

[Event "Titled Tuesday Blitz October 11 Early 2022"]
[White "Costachi, Mihnea"]
[Black "Horak, Martin"]
[WhiteFideId "1217518"]
[BlackFideId "367095"]
[WhiteElo "2437"]
[BlackElo "2091"]
[Result "1-0"]
[Round "06"]
[TimeControl "180+1"]
[Date "2022.10.12"]
[WhiteClock "0:00:49"]
[BlackClock "0:00:03"]

1. e4 c5 2. Nf3 d6 3. b3 Nf6 4. d3 g6 5. Bb2 Bg7 6. g3 O-O 7. Bg2 Nc6 8. O-O Rb8 9. a4 a6 10. Re1 b5 11. axb5 axb5 12. Qc1 e5 13. Nbd2 Ne8 14. Nf1 Be6 15. Ne3 Nd4 16. Nd5 Bxd5 17. exd5 f5 18. Qd1 Nxf3+ 19. Bxf3 Nf6 20. Bg2 Ra8 21. Qe2 b4 22. c3 bxc3 23. Bxc3 Qb6 24. Rxa8 Rxa8 25. Rb1 Ra3 26. Qb2 Qa6 27. b4 Ra2 28. Qb3 Ra3 29. Qc2 Ra2 30. Rb2 Ra1+ 31. Bf1 cxb4 32. Rxb4 h5 33. Bxa1 Qxa1 34. Rb7 e4 35. Qb2 Qxb2 36. Rxb2 Nxd5 37. Rb8+ Kh7 38. dxe4 fxe4 39. Bg2 Nf6 40. Bh3 d5 41. Rd8 Kh6 42. Be6 Kg5 43. Bxd5 Nxd5 44. Rxd5+ Kf6 45. Kf1 Bh6 46. Ke2 Bf8 47. Rb5 Bd6 48. Ke3 Be7 49. Kxe4 Bd6 50. Rb6 Ke6 51. h4 1-0


[Site "https://www.chess.com"]

[Event "Titled Tuesday Blitz October 11 Early 2022"]
[White "Cramling Bellon, Anna"]
[Black "Ali Abdullahi, Farah"]
[WhiteFideId "32009232"]
[BlackFideId "16100212"]
[WhiteElo "1972"]
[BlackElo "2299"]
[Result "1-0"]
[Round "06"]
[TimeControl "180+1"]
[Date "2022.10.12"]
[WhiteClock "0:00:07"]
[BlackClock "0:00:14"]

1. d4 d5 2. c4 e6 3. Nc3 Nf6 4. cxd5 exd5 5. Bg5 Be7 6. e3 h6 7. Bh4 c6 8. Bd3 O-O 9. Qc2 Re8 10. Nf3 a6 11. O-O Be6 12. Ne5 Nbd7 13. f4 c5 14. f5 Nxe5 15. dxe5 Bc8 16. exf6 Bxf6 17. Bxf6 Qxf6 18. Nxd5 Qe5 19. Nb6 Qxe3+ 20. Kh1 Rb8 21. Nxc8 Rexc8 22. f6 g5 23. Rae1 Qd4 24. Re7 Rc6 25. Bh7+ Kf8 26. Rxf7+ Kxf7 27. Qg6+ Ke6 28. f7+ Kd5 29. Qf5+ Kc4 30. Qc2+ Kb5 31. Qb3+ Qb4 32. Bd3+ c4 33. Rf5+ Rc5 34. Bxc4+ Kc6 35. Qxb4 Rxf5 36. g4 Rf4 37. Qc3 b5 38. Bb3+ Kb7 39. Qe5 Rc8 40. Bd5+ Kb6 41. Qd6+ Ka5 42. Qa3+ Kb6 43. Qe3+ Ka5 44. a3 b4 45. axb4+ Kb5 46. Qe8+ Rxe8 47. fxe8=Q+ Kxb4 48. Qb8+ Kc5 49. Bg2 Kd4 50. Qd6+ Ke3 51. Qe5+ Kd2 52. Qc3+ Ke2 53. Kg1 Rd4 54. Qxd4 h5 55. Qe4+ Kd2 56. Bf1 a5 57. Qd3+ Kc1 58. Be2 a4 59. Qc3+ Kb1 60. Bd3+ Ka2 61. Qa3# 1-0


[Site "https://www.chess.com"]

[Event "Titled Tuesday Blitz October 11 Early 2022"]
[White "Dehtiarov, Roman"]
[Black "Saucey, Michel"]
[WhiteFideId "14186640"]
[BlackFideId "601845"]
[WhiteElo "2200"]
[BlackElo "2253"]
[Result "1-0"]
[Round "06"]
[TimeControl "180+1"]
[Date "2022.10.12"]
[WhiteClock "0:00:07"]
[BlackClock "0:00:04"]

1. e4 c5 2. Nc3 Nc6 3. f4 g6 4. Nf3 Bg7 5. Bb5 Nd4 6. O-O Nxb5 7. Nxb5 d5 8. e5 a6 9. Nc3 d4 10. Ne4 b6 11. Qe2 Nh6 12. a4 O-O 13. a5 Bb7 14. d3 f6 15. exf6 exf6 16. axb6 Qxb6 17. Ned2 Rae8 18. Qd1 Nf5 19. Nc4 Qc7 20. Bd2 Ne3 21. Bxe3 dxe3 22. Qe2 Qxf4 23. Nfe5 Qg5 24. Nd7 Rd8 25. Nxf8 Bxf8 26. Rae1 Re8 27. b3 f5 28. Rf3 f4 29. Ref1 Bxf3 30. Qxf3 e2 31. Re1 Qe7 32. Nd2 Qe3+ 33. Qxe3 Rxe3 34. Kf2 Kf7 35. Ne4 Ke6 36. Ng5+ Kd5 37. Nxh7 Be7 38. Rxe2 Rxe2+ 39. Kxe2 Ke6 40. Kf3 Kf5 41. h4 Bxh4 42. Nf8 g5 43. Nd7 g4+ 44. Ke2 Be7 45. Nb6 Bf6 46. Nd7 Bd4 47. Nb6 f3+ 48. gxf3 g3 49. Kf1 Kf4 50. Kg2 Bf2 51. Nd5+ Ke5 52. Nc3 Kf4 53. Ne4 Be1 54. Nxc5 Ke3 55. Ne4 Kf4 56. c4 a5 57. c5 Ke5 58. Nxg3 Kd5 59. Ne4 1-0


[Site "https://www.chess.com"]

[Event "Titled Tuesday Blitz October 11 Early 2022"]
[White "Devaev, Alexander"]
[Black "Harsh Suresh"]
[WhiteFideId "4169395"]
[BlackFideId "45018464"]
[WhiteElo "2225"]
[BlackElo "2180"]
[Result "0-1"]
[Round "06"]
[TimeControl "180+1"]
[Date "2022.10.12"]
[WhiteClock "0:00:04"]
[BlackClock "0:00:35"]

1. Nf3 g6 2. c4 Bg7 3. Nc3 d6 4. d4 Bg4 5. Ng1 e5 6. d5 h5 7. h3 Bc8 8. Nf3 Nd7 9. Qc2 a5 10. e3 Nc5 11. Be2 Ne7 12. e4 O-O 13. Be3 b6 14. Rg1 f5 15. Nd2 f4 16. Bxc5 bxc5 17. O-O-O Bd7 18. Nf3 Bh6 19. Rdf1 a4 20. Kb1 Qb8 21. Ka1 Qb4 22. Nd2 a3 23. b3 Kh7 24. Bf3 Ng8 25. Rc1 Nf6 26. Qd1 Rf7 27. Ndb1 Rg7 28. Rc2 Kg8 29. Qe2 Kf8 30. Rd1 Ke7 31. Rh1 Kd8 32. Qd1 Kc8 33. Be2 Kb7 34. f3 g5 35. Nb5 Bxb5 36. cxb5 Qd4+ 37. Qxd4 exd4 38. Nd2 Re7 39. Nc4 Bg7 40. Bd3 Rae8 41. Nxa3 g4 42. hxg4 hxg4 43. Nc4 Nd7 44. a4 Rh8 45. Rxh8 Bxh8 46. Na5+ Kc8 47. Nc6 Rh7 48. a5 Kb7 49. Kb2 gxf3 50. gxf3 Rh3 51. Rf2 Bf6 52. b4 Bh4 53. Rf1 cxb4 54. Nxb4 Ne5 55. Be2 Rh2 56. Kb3 Rxe2 57. Nc2 Re3+ 58. Kb4 Rxf3 59. Rh1 Bf2 60. Rh7 Rc3 61. b6 Rxc2 62. Kb5 Rc5+ 63. Kb4 Be1+ 64. Ka4 Rxa5+ 65. Kb3 Kxb6 0-1


[Site "https://www.chess.com"]

[Event "Titled Tuesday Blitz October 11 Early 2022"]
[White "Di Nicolantonio, Lucas"]
[Black "Velikanov, Alexander"]
[WhiteFideId "680460"]
[BlackFideId "2039290"]
[WhiteElo "2381"]
[BlackElo "2259"]
[Result "1-0"]
[Round "06"]
[TimeControl "180+1"]
[Date "2022.10.12"]
[WhiteClock "0:00:23"]
[BlackClock "0:00:02"]

1. Nf3 Nf6 2. c4 g6 3. Nc3 Bg7 4. g3 O-O 5. Bg2 d5 6. cxd5 Nxd5 7. h4 e5 8. h5 Nxc3 9. bxc3 e4 10. Nd4 c5 11. Nc2 Re8 12. Ne3 Nc6 13. Qc2 Nd4 14. cxd4 cxd4 15. Nc4 d3 16. Qb1 Be6 17. Ne3 Qd4 18. hxg6 hxg6 19. Bb2 Qxb2 20. Qxb2 Bxb2 21. Rb1 Bg7 22. a4 Ba2 23. Rb4 Rac8 24. O-O b6 25. Bxe4 dxe2 26. Re1 a5 27. Bb1 axb4 28. Bxa2 Red8 29. Rxe2 Rc1+ 30. Kg2 Ra1 31. Bb3 Ra3 32. Bd1 b3 33. Nc4 b2 34. Nxa3 Bf8 35. Nb1 Rc8 36. Bb3 Rc1 37. Ba2 Bg7 38. Re7 Rd1 39. Rxf7 Kh7 40. Rb7 1-0


[Site "https://www.chess.com"]

[Event "Titled Tuesday Blitz October 11 Early 2022"]
[White "Dilmukhametov, Artur"]
[Black "Broca Jimenez, Fernando"]
[WhiteFideId "24179922"]
[BlackFideId "5104742"]
[WhiteElo "2197"]
[BlackElo "2062"]
[Result "0-1"]
[Round "06"]
[TimeControl "180+1"]
[Date "2022.10.12"]
[WhiteClock "0:01:28"]
[BlackClock "0:00:55"]

1. e4 c5 2. c3 Nf6 3. e5 Nd5 4. d4 cxd4 5. cxd4 Nc6 6. Nf3 d6 7. Bc4 Nb6 8. Bb5 dxe5 9. Nxe5 Bd7 10. O-O Nxe5 11. Bxd7+ Nexd7 12. Re1 e6 13. Nc3 Be7 14. d5 Nf6 15. dxe6 Qxd1 16. exf7+ Kxf7 17. Rxd1 Rad8 18. Bg5 Rxd1+ 19. Rxd1 Rd8 20. f3 Rxd1+ 21. Nxd1 Bc5+ 22. Kf1 Bd4 23. Ke2 Nc4 24. b3 Nb2 25. Nxb2 Bxb2 26. Kd3 Ke6 27. Kc4 Nd5 28. Kc5 Ba3+ 29. Kb5 Bd6 30. Bc1 Bxh2 31. Bb2 Be5 32. Bc1 a6+ 33. Kc5 Bd6+ 34. Kd4 b6 35. Bb2 Be5+ 0-1


[Site "https://www.chess.com"]

[Event "Titled Tuesday Blitz October 11 Early 2022"]
[White "Djokic, Mihailo"]
[Black "Aarav Dengla"]
[WhiteFideId "976440"]
[BlackFideId "45059756"]
[WhiteElo "2315"]
[BlackElo "2257"]
[Result "1-0"]
[Round "06"]
[TimeControl "180+1"]
[Date "2022.10.12"]
[WhiteClock "0:00:56"]
[BlackClock "0:00:47"]

1. e4 c5 2. Nf3 d6 3. d4 cxd4 4. Nxd4 Nf6 5. Nc3 a6 6. Rg1 e5 7. Nb3 Be6 8. g4 d5 9. exd5 Nxd5 10. Nxd5 Qxd5 11. Be3 Nc6 12. Qxd5 Bxd5 13. O-O-O O-O-O 14. Bb6 Rd7 15. g5 Be7 16. Bh3 Be6 17. Bxe6 fxe6 18. Rxd7 Kxd7 19. Nd2 Rf8 20. Be3 Nb4 21. a3 Nd5 22. Ne4 Rf3 23. Rg3 Rxg3 24. hxg3 Nxe3 25. fxe3 Ke8 26. Kd1 Kf7 27. Ke2 Kg6 28. Kf3 Kf5 29. c4 Kg6 30. c5 a5 31. Nd6 b6 32. b4 axb4 33. axb4 bxc5 34. bxc5 Kxg5 35. Nf7+ Kf6 36. c6 e4+ 37. Kxe4 Kxf7 38. c7 Bd6 39. c8=Q Bxg3 40. Qd7+ Kf6 41. Qd8+ Kf7 42. Qd1 g6 43. Qf3+ 1-0


[Site "https://www.chess.com"]

[Event "Titled Tuesday Blitz October 11 Early 2022"]
[White "Drozdowski, Kacper"]
[Black "Andreikin, Dmitry"]
[WhiteFideId "1136720"]
[BlackFideId "4158814"]
[WhiteElo "2485"]
[BlackElo "2736"]
[Result "1/2-1/2"]
[Round "06"]
[TimeControl "180+1"]
[Date "2022.10.11"]
[WhiteClock "0:01:21"]
[BlackClock "0:01:15"]

1. e4 e6 2. d4 d5 3. Nd2 c5 4. exd5 exd5 5. Ngf3 Nc6 6. Bb5 Bd6 7. dxc5 Bxc5 8. O-O Ne7 9. Nb3 Bb6 10. Re1 O-O 11. h3 Nf5 12. c3 Bxf2+ 13. Kxf2 Qb6+ 14. Nbd4 Ncxd4 15. Nxd4 Nxd4 16. Qxd4 Qxb5 17. b3 Bf5 18. Re5 Be6 19. c4 Qb4 20. Bd2 Qb6 21. Qxb6 axb6 22. cxd5 Rfd8 23. dxe6 Rxd2+ 24. Kg3 fxe6 25. Rxe6 h6 26. Rxb6 Rc8 27. Rxb7 Rc3+ 28. Kh2 Rcc2 29. Rg1 Rxa2 30. Re7 Rdb2 31. Re3 Ra3 32. Rg3 Raxb3 33. Rxb3 Rxb3 34. Rf1 1/2-1/2


[Site "https://www.chess.com"]

[Event "Titled Tuesday Blitz October 11 Early 2022"]
[White "Duda, Jan-Krzysztof"]
[Black "Gabrielian, Artur"]
[WhiteFideId "1170546"]
[BlackFideId "4131002"]
[WhiteElo "2779"]
[BlackElo "2432"]
[Result "1/2-1/2"]
[Round "06"]
[TimeControl "180+1"]
[Date "2022.10.11"]
[WhiteClock "0:00:02"]
[BlackClock "0:00:06"]

1. d4 Nf6 2. c4 c5 3. d5 e6 4. Nc3 exd5 5. cxd5 d6 6. e4 g6 7. f4 Bg7 8. Bb5+ Nfd7 9. a4 Na6 10. Nf3 Nb4 11. O-O a6 12. Be2 O-O 13. f5 Ne5 14. Nxe5 Bxe5 15. Bf4 Qf6 16. Bxe5 Qxe5 17. Qc1 Bd7 18. f6 Kh8 19. Qh6 Rg8 20. Rac1 Rae8 21. Kh1 g5 22. Bh5 Ref8 23. g4 Nd3 24. Rf3 Nf4 25. a5 Nxh5 26. Qxh5 Rg6 27. Rcf1 h6 28. Kg2 Kh7 29. Re3 Qd4 30. Ref3 Re8 31. h3 Bb5 32. Rd1 Qb4 33. Rd2 Rxe4 34. Nxe4 Qxe4 35. Kf2 Qe5 36. Kg2 Bc4 37. Rf5 Qe4+ 38. Kh2 Qe3 39. Rg2 Bd3 40. Rg3 Qe2+ 41. Rg2 Qe1 42. Rxg5 Rxg5 43. Qxf7+ Kh8 44. Qf8+ Kh7 45. Qf7+ Kh8 46. Qf8+ Rg8 47. Qxh6+ Bh7 48. f7 Qe5+ 49. Kh1 Qe1+ 50. Kh2 Qe5+ 51. Kh1 Qe1+ 52. Rg1 Qe4+ 53. Kh2 Qe5+ 54. Rg3 Qe2+ 55. Kg1 Qe1+ 56. Kg2 Qe2+ 57. Kh1 Qe1+ 58. Rg1 Qe4+ 59. Kh2 Qe5+ 60. Rg3 Qe2+ 61. Kh1 Qe1+ 62. Kg2 Qe2+ 63. Kg1 Qe1+ 64. Kh2 Qe2+ 1/2-1/2


[Site "https://www.chess.com"]

[Event "Titled Tuesday Blitz October 11 Early 2022"]
[White "Fajdetic, Hrvoje"]
[Black "Pourkashiyan, Atousa"]
[WhiteFideId "14501945"]
[BlackFideId "12502014"]
[WhiteElo "2172"]
[BlackElo "2247"]
[Result "0-1"]
[Round "06"]
[TimeControl "180+1"]
[Date "2022.10.12"]
[WhiteClock "0:00:06"]
[BlackClock "0:02:07"]

1. b3 e5 2. Bb2 Nc6 3. e3 Nf6 4. Ne2 d5 5. d4 Bd6 6. Nd2 O-O 7. c4 Nb4 8. Qb1 exd4 9. Nxd4 c5 10. Nb5 d4 11. a3 dxe3 12. fxe3 Ng4 13. Nxd6 Qxd6 14. axb4 Nxe3 15. Qe4 Bf5 16. Qe5 Qxe5 17. Bxe5 Rfe8 18. Bf4 Nc2+ 19. Kd1 Nxa1 20. Be2 Rad8 21. Kc1 Rxe2 0-1


[Site "https://www.chess.com"]

[Event "Titled Tuesday Blitz October 11 Early 2022"]
[White "Fernandez Garcia, Gumersindo"]
[Black "Karas, Marek"]
[WhiteFideId "24516740"]
[BlackFideId "14928558"]
[WhiteElo "2072"]
[BlackElo "2220"]
[Result "1-0"]
[Round "06"]
[TimeControl "180+1"]
[Date "2022.10.12"]
[WhiteClock "0:01:01"]
[BlackClock "0:01:29"]

1. d4 Nf6 2. c4 c5 3. d5 b5 4. cxb5 a6 5. bxa6 Bxa6 6. Nc3 d6 7. e4 Bxf1 8. Kxf1 g6 9. g3 Bg7 10. Kg2 O-O 11. Nf3 Nbd7 12. Re1 Qb6 13. Qc2 Rfb8 14. h3 Ne8 15. Nd2 Nc7 16. Nc4 Qa6 17. Qe2 Nb5 18. Nxb5 Rxb5 19. Bg5 Rb4 20. Rac1 Kf8 21. a3 Ra4 22. f4 Nb6 23. Nxb6 Qxb6 24. e5 dxe5 25. fxe5 Qb3 26. Rcd1 Rb8 27. d6 exd6 28. exd6 Qxb2 29. Rd2 Qb7+ 30. Kh2 Bd4 31. Bh6+ Bg7 32. Qe7+ Qxe7 33. dxe7+ Ke8 34. Bxg7 1-0


[Site "https://www.chess.com"]

[Event "Titled Tuesday Blitz October 11 Early 2022"]
[White "Fernandez Hernandez, Gerardo"]
[Black "Krzywda, Andrzej"]
[WhiteFideId "2207400"]
[BlackFideId "1114565"]
[WhiteElo "2164"]
[BlackElo "2149"]
[Result "0-1"]
[Round "06"]
[TimeControl "180+1"]
[Date "2022.10.12"]
[WhiteClock "0:00:14"]
[BlackClock "0:00:44"]

1. e4 c5 2. d3 g6 3. g3 Bg7 4. Bg2 Nc6 5. f4 d6 6. Nf3 e6 7. O-O Nge7 8. c3 Rb8 9. Be3 b6 10. d4 Ba6 11. Re1 d5 12. e5 Nf5 13. Bf2 h5 14. Qa4 Qc8 15. dxc5 bxc5 16. Bxc5 Rxb2 17. Nbd2 Bf8 18. Bxf8 Kxf8 19. Qa3+ Kg7 20. Qxb2 Na5 21. Nd4 Ne7 22. Qa3 Qc7 23. N2b3 Nxb3 24. axb3 Bd3 25. Qxa7 Qd8 26. Qb7 h4 27. Ra7 Re8 28. Nc6 Qc8 29. Nxe7 Qc5+ 30. Kh1 Rf8 31. Qc7 Qf2 32. Rg1 hxg3 33. h3 Be4 34. Qb7 Bxg2+ 35. Rxg2 Qf1+ 36. Rg1 Qxh3# 0-1


[Site "https://www.chess.com"]

[Event "Titled Tuesday Blitz October 11 Early 2022"]
[White "Gabdrakhmanov, Azat"]
[Black "Kushko, Dmitriy"]
[WhiteFideId "34189197"]
[BlackFideId "14162261"]
[WhiteElo "2233"]
[BlackElo "2230"]
[Result "1-0"]
[Round "06"]
[TimeControl "180+1"]
[Date "2022.10.11"]
[WhiteClock "0:00:10"]
[BlackClock "0:00:03"]

1. e3 g6 2. c4 Bg7 3. Nc3 Nf6 4. Nf3 O-O 5. Be2 d6 6. O-O e5 7. d3 c5 8. b3 Nc6 9. Bb2 d5 10. cxd5 Nxd5 11. Nxd5 Qxd5 12. Qc2 Bd7 13. Rac1 b6 14. Rfd1 Rfc8 15. Qb1 h6 16. Nd2 Be6 17. Bf3 Qd7 18. Nc4 Bd5 19. Be2 h5 20. a3 Qe7 21. Nd2 a5 22. Bf3 Bxf3 23. Nxf3 a4 24. bxa4 Rxa4 25. Nd2 Ra6 26. Qc2 Rca8 27. h3 Kh7 28. Ne4 f5 29. Nc3 Qf7 30. Rb1 h4 31. Ne2 Bf6 32. d4 exd4 33. exd4 Nxd4 34. Nxd4 Bxd4 35. Bxd4 cxd4 36. Rxd4 Rxa3 37. Rxh4+ Kg8 38. Qb2 Qg7 39. Qxb6 R3a6 40. Qb3+ Kf8 41. Qd1 Re8 42. Qf3 Rae6 43. g3 Re1+ 44. Rxe1 Rxe1+ 45. Kg2 Re8 46. Rb4 Qe5 47. Rb6 Re6 48. Qa8+ Kg7 49. Qb7+ Re7 50. Qc6 Qe4+ 51. Qxe4 Rxe4 52. Rc6 Kf7 53. h4 Kg7 54. Kf3 Ra4 55. Rc3 Rd4 56. Ke3 Ra4 57. Rd3 Re4+ 58. Kf3 Ra4 59. Rb3 Rc4 60. Ke3 Re4+ 61. Kd3 Ra4 62. f3 Ra1 63. Ke3 Ra4 64. Rb7+ Kh6 65. Rd7 Ra3+ 66. Rd3 Ra4 67. Rd4 Ra5 68. Kf4 Kg7 69. Rd7+ Kf6 70. Rd6+ Kf7 71. Kg5 Ra3 72. Rf6+ Ke7 73. Kxg6 Rxf3 74. Rxf5 Rxg3+ 75. Rg5 Ra3 76. Kg7 Ra6 77. h5 Ra7 78. h6 Ke6+ 79. Kh8 Ra8+ 80. Rg8 Ra7 81. Rf8 Ke7 82. Kg8 Ke6 83. h7 1-0


[Site "https://www.chess.com"]

[Event "Titled Tuesday Blitz October 11 Early 2022"]
[White "Garv Gaur"]
[Black "Baskakov, Egor"]
[WhiteFideId "45030839"]
[BlackFideId "24197866"]
[WhiteElo "1960"]
[BlackElo "2211"]
[Result "1/2-1/2"]
[Round "06"]
[TimeControl "180+1"]
[Date "2022.10.12"]
[WhiteClock "0:01:11"]
[BlackClock "0:01:46"]

1. d4 Nf6 2. Nf3 e6 3. c4 d5 4. g3 Be7 5. Bg2 O-O 6. O-O Ne4 7. Nbd2 f5 8. Ne5 c6 9. Ndf3 Bd7 10. Qb3 Qb6 11. c5 Qxb3 12. axb3 Be8 13. b4 Nd7 14. h4 a6 15. Bf4 Nxe5 16. Nxe5 Nf6 17. Rfc1 Nd7 18. Nd3 Bh5 19. Kf1 Rae8 20. b5 axb5 21. Ra7 Bf6 22. Rxb7 Rf7 23. e3 e5 24. dxe5 Nxe5 25. Rxf7 Bxf7 26. Nxe5 Bxe5 27. Bxe5 Rxe5 28. Ra1 Be8 29. b4 Kf7 30. Ke2 g6 31. Kd3 h6 32. Ra8 Re7 33. Bh3 h5 34. Bg2 Kf6 35. Kd4 Kf7 36. Bf3 Kf6 37. Ra6 Kf7 38. Bg2 Kg7 39. Ra8 Kf7 1/2-1/2


[Site "https://www.chess.com"]

[Event "Titled Tuesday Blitz October 11 Early 2022"]
[White "Gilmanov, Mansur"]
[Black "Papasimakopoulos, Alexandros"]
[WhiteFideId "4166868"]
[BlackFideId "4244125"]
[WhiteElo "2377"]
[BlackElo "2357"]
[Result "0-1"]
[Round "06"]
[TimeControl "180+1"]
[Date "2022.10.12"]
[WhiteClock "0:00:07"]
[BlackClock "0:00:04"]

1. d4 e6 2. Nf3 Nf6 3. Bg5 c5 4. Nc3 cxd4 5. Nxd4 d5 6. e3 Be7 7. g3 Qb6 8. Nb3 h6 9. Bxf6 Bxf6 10. Bg2 Nc6 11. O-O O-O 12. Rb1 Qc7 13. e4 Bxc3 14. bxc3 dxe4 15. Bxe4 b6 16. Nd4 Bb7 17. Qf3 Ne5 18. Qg2 Bxe4 19. Qxe4 Nc4 20. Rfd1 Rad8 21. Rd3 Rd5 22. Nxe6 Re5 23. Nxc7 Rxe4 24. Nd5 Re2 25. Rb4 Ne5 26. Re3 Rxe3 27. Nxe3 Rc8 28. Re4 f6 29. c4 Rd8 30. Nd5 Kf8 31. Nf4 Kf7 32. Kg2 Rd2 33. c3 Rxa2 34. Nd5 Rd2 35. g4 Kf8 36. Kg3 Nxc4 37. Nf4 Ne5 38. Ne6+ Kf7 39. Nd4 Rd3+ 40. Kg2 Rxc3 41. f4 Nxg4 42. Nf5 Rc7 43. h3 h5 44. hxg4 hxg4 45. Kg3 Kf8 46. Nd6 g6 47. Re6 Rd7 48. Rxf6+ Ke7 49. Rxg6 Rxd6 50. Rg7+ Ke6 51. Rxa7 Kf5 52. Rf7+ Kg6 53. Rb7 Kf5 54. Rf7+ Ke4 55. Re7+ Kd3 56. Kxg4 b5 57. f5 b4 58. Re6 Rd8 59. f6 b3 60. Rb6 Kc2 61. f7 b2 62. Kf5 Kc1 63. Rc6+ Kd2 64. Rd6+ Rxd6 65. f8=Q b1=Q+ 66. Ke5 Rd3 67. Qf2+ Kc3 68. Qc5+ Kb2 69. Qb4+ Rb3 70. Qe4 Qxe4+ 71. Kxe4 Rc3 0-1


[Site "https://www.chess.com"]